 Dungeon Crawl Stone Soup version 0.31.0-11-ge490571c62 (webtiles) character file.

Game seed: 8527539575120447041

2881 mandarbmax the Slicer (level 9, -5/58 HPs)
             Began as a Vine Stalker Fighter on Jan 28, 2024.
             Was a Believer of Hepliaklqana.
             Slain by an orc warrior
             ... wielding a +0 war axe
              (9 damage)
             ... in a bailey on Jan 29, 2024.
             The game lasted 00:16:52 (5964 turns).

mandarbmax the Slicer (Vine Stalker Fighter)        Turns: 5964, Time: 00:16:53

Health: -5/58      AC: 14    Str: 18    XL:     9   Next: 76%
Magic:  0/10       EV: 10    Int:  8    God:    Hepliaklqana [**....]
Gold:   165        SH:  6    Dex: 19    Spells: 8/8 levels left

rFire   . . .        a - +0 rapier
rCold   + . .        c - +0 buckler
rNeg    . . .        n - +2 plate armour
rPois   .            (no helmet)
rElec   .            (no cloak)
rCorr   .            (no gloves)
SInv    .            (no boots)
Will    +....        (no amulet) Stlth
                     e - +5 ring of evasion
HPRegen 1.09/turn    x - ring of protection from cold
MPRegen 0.12/turn

%: guardian spirit
@: berserking (expiring), invisible, very quick
A: reduced essence, fangs 3, regeneration 1, magic shield, antimagic bite, no
potion heal 2
a: Renounce Religion, Recall Ancestor, Ancestor Identity


You were in a bailey.
You worshipped Hepliaklqana.
Hepliaklqana was pleased with you.
You visited 1 branch of the dungeon, and saw 7 of its levels.
You also visited: Bailey.

You collected 389 gold pieces.
You spent 224 gold pieces at shops.

Inventory:

Hand Weapons
 a - a +0 rapier (weapon)
Missiles
 t - 6 boomerangs
 v - 6 poisoned darts (quivered)
Armour
 c - a +0 buckler (worn)
 n - a +2 plate armour (worn)
Jewellery
 e - a +5 ring of evasion (left hand)
 j - a ring of fire
 p - a ring of fire
 x - a ring of protection from cold (right hand)
 A - a ring of see invisible
Wands
 l - a wand of roots (4)
 m - a wand of charming (4)
Scrolls
 h - a scroll of torment
 k - 2 scrolls of butterflies {unknown}
 q - a scroll of enchant weapon
 r - 2 scrolls of vulnerability
 s - a scroll of fog
 u - a scroll of teleportation
 y - 2 scrolls of revelation
 B - a scroll of immolation {unknown}
Potions
 b - 2 potions of heal wounds
 f - a potion of lignification {unknown}
 g - a potion of resistance {unknown}
 i - a potion of degeneration {unknown}
 o - 3 potions of curing
 w - a potion of berserk rage
 z - 2 potions of enlightenment {unknown}
 C - a potion of ambrosia
 D - a potion of cancellation
 E - 2 potions of invisibility
 F - a potion of magic {unknown}
 G - a potion of haste {unknown}
 H - a potion of experience {unknown}


   Skills:
 - Level 3.0 Fighting
 * Level 10.2 Short Blades
 - Level 6.0 Armour
 - Level 4.0 Shields


You had 8 spell levels left.
You didn't know any spells.
Your spell library contained the following spells:

 Spells                   Type           Power      Damage    Failure   Level
 Apportation              Tloc           0%         N/A       100%        1
 Necrotise                Necr           0%         1d4       100%        1
 Sting                    Conj/Alch      0%         1d3       100%        1
 Summon Small Mammal      Summ           0%         N/A       100%        1
 Vampiric Draining        Necr           0%         2d6       100%        3
 Volatile Blastmotes      Fire/Tloc      0%         2d10      100%        3
 Fulminant Prism          Conj/Alch      0%         3d5       100%        4
 Iskenderun's Mystic Bla  Conj/Tloc      0%         2d3       100%        4
 Martyr's Knell           Necr/Summ      0%         N/A       100%        4
 Curse of Agony           Necr           0%         N/A       100%        5


Dungeon Overview and Level Annotations

Branches:
Dungeon (7/15)             Temple (0/1) D:6          Bailey (1/1)

Altars:
Hepliaklqana
Vehumet

Shops:
D:7 [![[

Annotations:
D:6 1 runed translucent door, Crazy Yiuf


Innate Abilities, Weirdness & Mutations

Your life essence is reduced to manifest your ancestor. (-10% HP)
You have razor-sharp teeth.
Your natural rate of healing is unusually fast.
When hurt, damage is shared between your health and your magic reserves.
Your bite disrupts and absorbs the magic of your enemies.
Potions cannot restore your health.


Message History

You hit the orc warlord.
You bite the orc warlord, but do no damage.
The orc warlord is severely wounded.
You strike the helpless gnoll from behind!
You impale the gnoll!!
You kill the gnoll!
The goblin misses you.
You catch the helpless orc warlord completely off-guard!
You puncture the orc warlord! Your bite misses the orc warlord.
The orc warlord is severely wounded.
You hit the orc warlord but do no damage.
You bite the orc warlord, but do no damage.
The orc warlord is severely wounded.
The orc warlord hits you with a +5 broad axe!
The goblin hits you but does no damage.
You hit the orc warlord but do no damage.
You bite the orc warlord. You drain its power.
You feel invigorated.
The orc warlord is almost dead.
You hit the orc warlord but do no damage.
You bite the orc warlord, but do no damage.
The orc warlord is almost dead.
The orc warrior no longer looks unusually strong.
The orc no longer looks unusually strong.
The goblin hits you but does no damage.
The orc warlord hits you with a +5 broad axe!!
* * * LOW HITPOINT WARNING * * *
You hit the orc warrior. Your bite misses the orc warrior.
The orc warrior is moderately wounded.
You catch the helpless goblin completely off-guard!
You impale the goblin!!
You kill the goblin!
The orc warrior hits you with a +0 war axe.
* * * LOW HITPOINT WARNING * * *
The orc warlord roars a battlecry!
The orcs go into a battle-frenzy!
You hit the orc warlord. You bite the orc warlord! You drain its power.
You feel invigorated.
The orc warlord is almost dead.
The orc warrior hits you with a +0 war axe!!
You die...

#.........# ##.........##
#######.....⌠.....#######
##.....##.......))##.....##
#.....))'........)'.......#
##.....))##.......##.......##
#.........#.......#.........#
##.........##88R88##.........##
#.....⌠.....###@###.....⌠.....#
##.........###goo###.........##
#.........#..oogg.#.........#
##.......##.......##.......##
#.......#.........#.......#
##.....##.........##..)))##
##'####...........####)##
##)))..##.........##.....##
#.......# #.......#


You could see the friendly Nozipho the hexer, an orc warlord (unable to see you,
ally target), 2 orc warriors, an orc (strong, unable to see you), a hobgoblin
(unable to see you) and 2 goblins.

Vanquished Creatures
  An orc knight (Bailey)
  Jeremiah (D:6)
  Sigmund (D:2)
  6 orc warriors (Bailey)
  An ogre (D:5)
  A phantom (D:4)
  2 bullfrogs (D:6)
  A scorpion (D:6)
  5 wights (D:6)
  4 howler monkeys
  3 hounds
  3 jellies
  2 orc priests
  A gnoll bouda (D:7)
  An iguana (D:6)
  A sleepcap (D:5)
  3 orc wizards
  Terence (D:3)
  A hexer (Bailey)
  9 gnolls
  3 adders
  A shadow imp (D:5)
  2 dart slugs (D:1)
  2 ribbon worms
  31 orcs
  5 bats
  5 endoplasms
  9 hobgoblins
  13 jackals
  A kobold (D:3)
  7 quokkas
  9 ball pythons
  4 frilled lizards
  15 goblins
  13 rats
168 creatures vanquished.

Vanquished Creatures (collateral kills)
  A white imp (D:6)
  An orc (Bailey)
  A goblin (Bailey)
3 creatures vanquished.

Vanquished Creatures (others)
  An ancestor (D:5)
1 creature vanquished.

Grand Total: 172 creatures vanquished

Notes
Turn   | Place    | Note
-------+----------+-------------------------------------------
     0 | D:1      | mandarbmax the Vine Stalker Fighter began the quest for the
                  | Orb.
     0 | D:1      | Reached XP level 1. HP: 11/11 MP: 2/2
    64 | D:1      | Reached skill level 2 in Short Blades
    74 | D:1      | Reached XP level 2. HP: 16/16 MP: 3/3
   595 | D:1      | Reached XP level 3. HP: 18/19 MP: 4/4
   976 | D:2      | Noticed Sigmund
  1020 | D:2      | Killed Sigmund
  1021 | D:2      | Reached skill level 4 in Short Blades
  1021 | D:2      | Reached XP level 4. HP: 22/24 MP: 5/5
  1021 | D:2      | Reached XP level 5. HP: 26/28 MP: 6/6
  1143 | D:2      | Identified the +0 leather armour of Cowardice {rC+ Int+2}
  1207 | D:2      | Reached XP level 6. HP: 29/32 MP: 7/7
  2301 | D:3      | Noticed Terence
  2309 | D:3      | Killed Terence
  2586 | D:3      | Found a hazy altar of Hepliaklqana.
  2807 | D:3      | Became a worshipper of Hepliaklqana the Forgotten
  2995 | D:4      | Reached skill level 5 in Short Blades
  3062 | D:4      | Reached XP level 7. HP: 27/36 MP: 8/8
  3580 | D:5      | Entered Level 5 of the Dungeon
  3724 | D:5      | Found a radiant altar of Vehumet.
  3779 | D:5      | Reached * piety under Hepliaklqana
  3847 | D:5      | Reached skill level 6 in Short Blades
  4179 | D:5      | Gained mutation: You have razor-sharp teeth. [Vine Stalker
                  | growth]
  4179 | D:5      | Reached XP level 8. HP: 36/36 MP: 9/9
  4447 | D:6      | Noticed Jeremiah
  4466 | D:6      | Killed Jeremiah
  4640 | D:6      | Reached skill level 7 in Short Blades
  4640 | D:6      | Reached skill level 5 in Armour
  4723 | D:6      | Found a staircase to the Ecumenical Temple.
  4965 | D:6      | Reached skill level 8 in Short Blades
  5062 | D:6      | Found a runed translucent door.
  5063 | D:6      | Noticed Crazy Yiuf
  5303 | D:7      | Found Ydduy's Armour Shop.
  5324 | D:7      | Found Feurau Quipn's Distillery.
  5337 | D:7      | Bought a potion of berserk rage for 70 gold pieces
  5337 | D:7      | Bought a potion of curing for 42 gold pieces
  5337 | D:7      | Bought a potion of ambrosia for 112 gold pieces
  5399 | D:7      | Found Coobroiz's Antique Armour Boutique.
  5402 | D:7      | Reached XP level 9. HP: 38/39 MP: 10/10
  5419 | D:7      | Reached ** piety under Hepliaklqana
  5420 | D:7      | Remembered your ancestor Nozipho as a hexer
  5545 | D:7      | Found Vosk's Antique Armour Emporium.
  5560 | D:7      | Found a flagged portal.
  5566 | Bailey   | Entered a bailey
  5690 | Bailey   | Reached skill level 9 in Short Blades
  5815 | Bailey   | Noticed an orc knight
  5831 | Bailey   | Killed an orc knight
  5832 | Bailey   | Reached skill level 10 in Short Blades
  5938 | Bailey   | Noticed an orc warlord
  5964 | Bailey   | Slain by an orc warrior

Illustrated notes

Levels and vault maps discovered:
D:1:      onia_arrival_handbag, layout_basic, serial_forest,
          infiniplex_forest_lined_4_way, infiniplex_forest_end_2,
          infiniplex_forest_lined_4_way, infiniplex_forest_lined_3,
          infiniplex_forest_corner_2, infiniplex_forest_straight_3,
          infiniplex_forest_lined_corner, minmay_rat_gold_closets
D:2:      layout_loops_corners, uniq_sigmund
D:3:      layout_basic, amcnicky_altar_gilded, grunt_decor_clamped, uniq_terence
D:4:      layout_basic
D:5:      layout_loops_ring, fiery_altar_vehumet, patterned_corridor
D:6:      layout_basic, minmay_temple_entry_arrows, uniq_crazy_yiuf_cottage,
          uniq_jeremiah
D:7:      layout_basic, enter_bailey_2, serial_bayou, serial_bayou_ford_a,
          serial_bayou_shore_a, serial_bayou_shore_b, serial_bayou_pond_d,
          serial_shops, nicolae_shop_scrapyard, shop, nicolae_take_the_stairs,
          nicolae_shop_industrial_runoff, shop
Bailey:   bailey_axe_minmay_hex_keep, bailey

Skill      XL: |  1  2  3  4  5  6  7  8  9 |
---------------+----------------------------+-----
Short Blades   | 2 4 5 6 8 10 | 10.2
Fighting       | 3 |  3.0
Shields        | 3 4 |  4.0
Armour         | 3 4 5 6 |  6.0

Action                     |  1- 3 |  4- 6 |  7- 9 || total
---------------------------+-------+-------+-------++-------
  Melee: Rapier            |   102 |   169 |   343 ||   614
         Bite              |    30 |    43 |   135 ||   208
  Throw: Dart              |       |       |     7 ||     7
 Invoke: Recall Ancestor   |       |       |     2 ||     2
         Ancestor Life: He |       |       |     1 ||     1
  Evoke: Wand              |       |       |     4 ||     4
    Use: Scroll            |       |       |     8 ||     8
         Potion            |       |       |     5 ||     5
   Stab: Confused          |       |       |     6 ||     6
         Invisible         |       |       |     5 ||     5
 Armour: Scale mail        |    53 |    21 |       ||    74
         Plate armour      |       |    72 |   197 ||   269
  Dodge: Dodged            |    28 |    87 |   131 ||   246
  Block: Buckler           |    12 |    45 |    81 ||   138
